 Dungeon Crawl Stone Soup version 0.17.1-3-g152610e (webtiles) character file.

121 Urist the Conjurer (level 4, -2/27 HPs)
             Began as a High Elf Conjurer on Apr 7, 2016.
             Killed by divine providence
             ... invoked by an orc priest
              (11 damage)
             ... on level 3 of the Dungeon.
             The game lasted 00:07:14 (1933 turns).

Urist the Conjurer (High Elf Conjurer)              Turns: 1933, Time: 00:07:14

Health: -2/27      AC:  4    Str:  7    XL:     4   Next: 77%
Magic:  0/10       EV: 11    Int: 19    God:
Gold:   36         SH:  0    Dex: 16    Spells: 3 memorised, 4 levels left

rFire  . . .     SeeInvis .     f - -2 dagger
rCold  . . .     Clarity  .     a - +1 robe
rNeg   . . .     SustAt   .     (no shield)
rPois  .         Gourm    .     (no helmet)
rElec  .         Spirit   .     (no cloak)
rCorr  .         Warding  .     (no gloves)
rMut   .         Stasis   .     l - +0 pair of boots
MR     .....                    (no amulet)
Stlth  ++........               (no ring)
                                k - -2 ring of evasion (curse)

@: not resistant to hostile enchantments, unstealthy
A: no striking features
a: no special abilities


You were on level 3 of the Dungeon.
You were not hungry.

You visited 1 branch of the dungeon, and saw 3 of its levels.

You collected 36 gold pieces.

Inventory:

Hand Weapons
 f - a -2 dagger (weapon)
Armour
 a - a +1 robe (worn)
 l - a +0 pair of boots (worn)
Jewellery
 k - a cursed -2 ring of evasion (left hand)
Scrolls
 e - a scroll of magic mapping
 i - a scroll of fear
 j - 3 scrolls of identify
 m - a scroll of teleportation {unknown}
Potions
 d - 2 potions of brilliance
 g - a potion of heal wounds
 h - a potion of resistance
Books
 b - a book of Conjurations

   Spells                             Type                      Level
   a - Magic Dart                     Conjuration                  1
   b - Searing Ray                    Conjuration                  2
   c - Dazzling Spray                 Conjuration/Hexes            3
   d - Fulminant Prism                Conjuration/Hexes            4
   e - Iskenderun's Mystic Blast      Conjuration                  4
   f - Iskenderun's Battlesphere      Conjuration/Charms           5
Comestibles
 c - 2 bread rations
 n - a chunk of flesh


   Skills:
 + Level 3.1 Dodging
 + Level 2.3 Stealth
 + Level 3.8 Spellcasting
 + Level 5.5 Conjurations


You had 4 spell levels left.
You knew the following spells:

 Your Spells              Type           Power        Failure   Level  Hunger
a - Magic Dart            Conj           ###.         1%          1    None
b - Searing Ray           Conj           ###...       2%          2    ##.....
c - Dazzling Spray        Conj/Hex       ##......     14%         3    ###....


Dungeon Overview and Level Annotations

Branches:
Dungeon (3/15)

Altars:
Sif Muna


Message History

The magic dart hits the orc.
The orc is almost dead.
You barely miss the orc.
The orc is almost dead.
The orc hits you with a whip.
You hit the orc but do no damage.
The orc is almost dead.
The orc is no longer blind.
The orc completely misses you. The orc priest closely misses you.
You hit the orc but do no damage.
The orc is almost dead.
The orc hits you with a whip!
The orc priest mumbles some strange prayers to Beogh against you.
Pain shoots through your body!
You closely miss the orc.
The orc is almost dead.
The orc hits you with a whip.
The orc priest calls down the wrath of Beogh upon you.
Something smites you!
You die...

.. .#### .... ...
.. . #.
.#..##.###########
......o@.........+
##.#..o..........#
#.....##........#
#..†...##........
.............####
.).).#####...#
.....#.......#
........#....#
..#.......#


You could see an orc priest and an orc.

Vanquished Creatures
  4 gnolls
  2 adders
  2 worms (D:2)
  4 orcs (D:3)
  6 bats
  4 giant cockroaches
  7 hobgoblins
  4 jackals (D:1)
  2 kobolds (D:1)
  A quokka (D:2)
  3 giant geckos
  3 giant newts
  9 goblins
  4 rats
55 creatures vanquished.

Notes
Turn   | Place    | Note
--------------------------------------------------------------
     0 | D:1      | Urist the High Elf Conjurer began the quest for the Orb.
     0 | D:1      | Reached XP level 1. HP: 11/11 MP: 4/4
   195 | D:1      | Reached XP level 2. HP: 17/17 MP: 0/6
   240 | D:1      | Learned a level 2 spell: Searing Ray
   469 | D:1      | Reached XP level 3. HP: 17/21 MP: 0/8
   531 | D:1      | Reached skill level 5 in Conjurations
  1173 | D:2      | Found a deep blue altar of Sif Muna.
  1442 | D:2      | Reached XP level 4. HP: 24/27 MP: 6/10
  1450 | D:2      | Learned a level 3 spell: Dazzling Spray
  1933 | D:3      | Killed from afar by an orc priest

Action                   |  1- 3 |  4- 6 || total
-------------------------+-------+-------++-------
Melee: Unarmed           |     4 |       ||     4
       Dagger            |     9 |    12 ||    21
 Cast: Magic Dart        |   109 |    25 ||   134
       Dazzling Spray    |       |     5 ||     5
  Use: Potion            |     4 |       ||     4
       Scroll            |     6 |     1 ||     7
  Eat: Chunk             |     2 |     2 ||     4
